AoeStats
← DonkeyKong

Arabia

510448228Analyzed
1v1 RM · 1d ago on Oct 1, 2026· 26m 51s· 2 players
Game mode
Random Map
Map size
Tiny (2 player)
Population
200
Speed
Normal
Resources
Standard
Victory
Conquest
Starting age
Dark Age
Ending age
Imperial Age
RankedLock teamsTeams togetherTeam positionsShared explorationLock speedFull tech treeHidden civsTurbo modeCheats
Victory
Defeat
🇹🇼 Burgundians · Taiwan
1395
+18
🇺🇸 Saxons · United States
1436
-18
DonkeyKong
3:28 Double-Bit Axe
6:37 Loom
9:02 Feudal Age
11:00 Bow Saw
15:28 Fletching
17:04 Padded Archer Armor
17:01 Horse Collar
24:16 Castle Age
22:51 Heavy Plow
23:06 Forging
24:34 Scale Barding Armor
slam pig
5:49 Loom
8:50 Feudal Age
9:26 Man-at-Arms
17:00 Fletching
18:16 Padded Archer Armor
19:01 Double-Bit Axe
21:29 Wheelbarrow
24:26 Castle Age
24:33 Crossbowman
Connection lost

Rejoining the realm…

Still unreachable

The connection could not be restored.

Session expired

The server has moved on; the page needs a fresh start.